 Dungeon Crawl Stone Soup version 0.28-a0-474-g535839065c (webtiles) character file.

Game seed: 12502187368584180852

92 meatgazer the Skirmisher (level 4, -7/37 HPs)
             Began as a Demonspawn Abyssal Knight on Sept 15, 2021.
             Was a Believer of Lugonu.
             Mangled by Sigmund (10 damage)
             ... on level 2 of the Dungeon.
             The game lasted 00:04:27 (1869 turns).

meatgazer the Skirmisher (DsAK)                     Turns: 1869, Time: 00:04:28

Health: -7/37      AC:  7    Str: 13    XL:     4   Next: 35%
Magic:  5/5        EV: 11    Int: 13    God:    Lugonu [**....]
Gold:   44         SH:  0    Dex: 13    Spells: 3/3 levels left

rFire   . . .      SeeInvis .   a - +1 spear
rCold   . . .      Faith    .   (no shield)
rNeg    . . .      Spirit   .   b - +0 leather armour
rPois   .          Reflect  .   f - +1 helmet
rElec   .          Harm     .   (no cloak)
rCorr   .          Rampage  .   (no gloves)
Will    .....                   (no boots)
Stlth   +.........              (no amulet)
HPRegen 0.12/turn               (no ring)
MPRegen 0.09/turn               (no ring)

@: no status effects
A: talons 1, icy blue scales 1
a: Renounce Religion, Depart the Abyss, Bend Space


You were on level 2 of the Dungeon.
You worshipped Lugonu.
Lugonu was pleased with you.
You visited 1 branch of the dungeon, and saw 2 of its levels.
You visited the Abyss 1 time.

You collected 44 gold pieces.

Inventory:

Hand Weapons
 a - a +1 spear (weapon)
 e - a +6 club
Armour
 b - a +0 leather armour (worn)
 f - a +1 helmet (worn)
Scrolls
 c - a scroll of identify
 d - a scroll of amnesia


   Skills:
 + Level 4.1 Fighting
 + Level 2.7 Polearms
 - Level 2.1 Armour
 - Level 1.1 Dodging
 - Level 0.4 Stealth
 + Level 2.5 Invocations


You had 3 spell levels left.
You didn't know any spells.
Your spell library was empty.

Dungeon Overview and Level Annotations

Branches:
Dungeon (2/15)

Altars:

Annotations:
D:2 Sigmund


Innate Abilities, Weirdness & Mutations

You have sharp toenails.
You are partially covered in icy blue scales. (AC +2)


Message History

The endoplasm is in the way.
You hit the endoplasm.
The endoplasm is lightly wounded.
The endoplasm closely misses you. Something hits you!
Reach: a) +1 spear
Press: ? - help, Dir - move target The endoplasm is in the way.
The endoplasm quivers.
You hit the endoplasm.
The endoplasm is almost dead.
The endoplasm barely misses you.
You aren't carrying any potions.
You barely miss the endoplasm. You claw the endoplasm.
You kill the endoplasm!
Lugonu accepts your kill. Something hits you!
You completely miss the endoplasm. The endoplasm freezes you.
You are frozen.
Something hits you.
You hit the endoplasm but do no damage.
The endoplasm hits you but does no damage.
You hit the endoplasm.
The endoplasm is moderately wounded.
The endoplasm jiggles.
The endoplasm freezes you.
You are frozen.
Something hits you!
* * * LOW HITPOINT WARNING * * *
You hit the endoplasm.
The endoplasm is heavily wounded.
The endoplasm hits you.
* * * LOW HITPOINT WARNING * * *
Something hits you but does no damage.
You hit the endoplasm.
You kill the endoplasm!
Lugonu accepts your kill.
You can now bend space around yourself.
Reach: a) +1 spear
Press: ? - help, Dir - move target You swing at nothing.
Something hits you.
* * * LOW HITPOINT WARNING * * *
You hit something but do no damage. Something hits you!
You die...

#....###.#.#..... ###
#####...#..#.# ##.
...##...#........##
.........##....#..###
..........##.#......##.
..........##.##.##....#
..........[.............
.>.......###.##{##.####.
...##...## #.##@# # #
##### #.##.# #####.##..#
###.....###.#
###...##### .. #...###
### #.### #.# #..##
###.# ######### .....


There were no monsters in sight!

Vanquished Creatures
  Jessica (D:2)
  An adder (D:2)
  An ufetubus (Abyss:2)
  A dart slug (D:1)
  4 endoplasms
  3 giant cockroaches
  4 goblins (D:1)
  4 hobgoblins (D:1)
  3 jackals (D:1)
  4 kobolds
  2 quokkas
  2 ball pythons
  12 bats (D:1)
  4 frilled lizards (D:1)
  3 rats
49 creatures vanquished.

Vanquished Creatures (others)
  A fungus (D:1)
  5 plants (D:1)
6 creatures vanquished.

Grand Total: 55 creatures vanquished

Notes
Turn   | Place    | Note
-------+----------+-------------------------------------------
     0 | Abyss:1  | meatgazer the Demonspawn Abyssal Knight began the quest for
                  | the Orb.
     0 | Abyss:1  | Reached XP level 1. HP: 18/18 MP: 2/2
   112 | Abyss:2  | Noticed a ynoxinul
   132 | D:1      | Escaped the Abyss
   371 | D:1      | Gained mutation: You have sharp toenails. [demonic
                  | ancestry]
   371 | D:1      | Reached XP level 2. HP: 18/24 MP: 3/3
   611 | D:1      | Reached * piety under Lugonu
   866 | D:1      | Reached XP level 3. HP: 27/30 MP: 4/4
  1003 | D:1      | Reached skill level 4 in Fighting
  1497 | D:1      | Found a faded altar of an unknown god.
  1567 | D:2      | Noticed Jessica
  1584 | D:2      | Killed Jessica
  1585 | D:2      | Reached skill level 1 in Dodging
  1585 | D:2      | Gained mutation: You are partially covered in icy blue
                  | scales. (AC +2) [demonic ancestry]
  1585 | D:2      | Reached XP level 4. HP: 21/37 MP: 5/5
  1837 | D:2      | Noticed Sigmund
  1866 | D:2      | Reached ** piety under Lugonu
  1869 | D:2      | Mangled by Sigmund

Illustrated notes

Levels and vault maps discovered:
D:1:      dpeg_arrival_morbid_curiosity, layout_basic,
          shapermc_ecumenical_altar_mp_urbaneastern, serial_bayou_pond_b,
          minmay_tetromino_o2
D:2:      layout_rooms, serial_shops, shop, uniq_sigmund, uniq_jessica

Skill      XL: |  1  2  3 |
---------------+----------+-----
Polearms       | 2 |  2.7
Armour         | 2 |  2.1
Fighting       | 4 |  4.1
Dodging        | 1 |  1.1
Stealth        | |  0.4
Invocations    | |  2.5

Action                   |  1- 3 |  4- 6 || total
-------------------------+-------+-------++-------
Melee: Spear             |   150 |    25 ||   175
       Kick              |    18 |     4 ||    22
Invok: Depart the Abyss  |     1 |       ||     1
  Use: Scroll            |     3 |       ||     3
       Potion            |     2 |       ||     2
 Stab: Sleeping          |     2 |       ||     2
Armor: Leather armour    |    40 |     8 ||    48
Dodge: Dodged            |    90 |    13 ||   103

Table legend: (Time is in decaauts)
 A = Elapsed time spent in this place.
 B = Non-inter-level travel time spent in this place.
 C = Inter-level travel time spent in this place.
 D = Time resting spent in this place.
 E = Time spent auto-exploring this place.
 F = Levels seen in this place.
 G = Mean time per level.
                   A        B        C        D        E       F      G
               +--------+--------+--------+--------+--------+-----+--------+
         Total |   1869 |   1851 |     18 |    449 |   1075 |   4 |  467.2 |
       Dungeon |   1737 |   1719 |     18 |    449 |    981 |   2 |  868.5 |
         Abyss |    131 |    131 |      0 |      0 |     94 |   2 |   65.5 |
               +--------+--------+--------+--------+--------+-----+--------+

Top non-repeatable levels by time:
     D:1: 1385 daAuts
     D:2: 351 daAuts
 Abyss:1: 75 daAuts
 Abyss:2: 56 daAuts
